 Dungeon Crawl Stone Soup version 0.22.1-1-ga44c0e5 (webtiles) character file.

47 Anon1729 the Sneak (level 3, 0/18 HPs)
             Began as a Spriggan Assassin on Nov 5, 2018.
             Slain by a worm (9 damage)
             ... on level 3 of the Dungeon.
             The game lasted 00:02:22 (2133 turns).

Anon1729 the Sneak (Spriggan Assassin)              Turns: 2133, Time: 00:02:23

Health: 0/18       AC:  2    Str:  7    XL:     3   Next: 48%
Magic:  0/4        EV: 18    Int: 12    God:
Gold:   94         SH:  0    Dex: 18    Spells: 2/2 levels left

rFire    . . .     SeeInvis +   a - +2 dagger
rCold    . . .     Gourm    .   (shield restricted)
rNeg     . . .     Faith    .   c - +0 robe
rPois    .         Spirit   +   (helmet restricted)
rElec    .         Reflect  .   s - scarf {Spirit}
rCorr    +         Harm     .   (gloves unavailable)
MR       .....                  (boots unavailable)
Stlth    +++.......             t - amulet of the acrobat
HPRegen  0.06/turn              r - ring of resist corrosion
MPRegen  0.09/turn              (no ring)

@: very quick
A: very small, unfitting armour, see invisible, herbivore, speed 3, slow
metabolism 2
a: no special abilities


You were on level 3 of the Dungeon.
You were not hungry.

You visited 1 branch of the dungeon, and saw 3 of its levels.

You collected 94 gold pieces.

Inventory:

Hand Weapons
 a - a +2 dagger (weapon)
 b - a +0 blowgun
 k - a +1 dagger of pain
Missiles
 e - 43 poisoned needles
 f - 2 curare-tipped needles
Armour
 c - a +0 robe (worn)
 d - a +0 cloak
 s - a scarf of spirit shield (worn)
Jewellery
 r - a ring of resist corrosion (left hand)
 t - an amulet of the acrobat (around neck)
Wands
 o - a wand of iceblast (10)
 q - a wand of paralysis (9)
Scrolls
 h - 5 scrolls of identify {unknown}
 i - 2 scrolls of teleportation {unknown}
 j - 6 scrolls of remove curse {unknown}
 u - a scroll of noise {unknown}
Potions
 l - 2 potions of degeneration {unknown}
 m - a potion of berserk rage {unknown}
 n - 2 potions of curing {unknown}
 p - a potion of resistance {unknown}
Comestibles
 g - 4 rations


   Skills:
 + Level 2.0 Fighting
 + Level 2.7 Short Blades
 + Level 2.4 Throwing
 + Level 2.7 Dodging
 + Level 6.3 Stealth


You had 2 spell levels left.
You didn't know any spells.
Your spell library was empty.

Dungeon Overview and Level Annotations

Branches:
Dungeon (3/15)

Altars:
Trog


Innate Abilities, Weirdness & Mutations

You are very small and have problems with some larger weapons.
You are too small for most types of armour.
You have supernaturally acute eyesight. (SInv)
You are a herbivore.
You cover ground extremely quickly.
You need to consume almost no food.


Message History

You are too injured to fight recklessly!
You are too injured to fight recklessly!
You are too injured to fight recklessly!
You are too injured to fight recklessly!
You are too injured to fight recklessly!
You are too injured to fight recklessly!
You are too injured to fight recklessly!
You are too injured to fight recklessly!
You hit the worm.
The worm is heavily wounded.
You hit the worm.
The worm is heavily wounded.
The worm completely misses you.
You hit the worm.
The worm is heavily wounded.
You hit the worm but do no damage.
The worm is heavily wounded.
The worm bites you!
Ouch! That really hurt!
You die...

.. ##....### .# #.#
. #.#$...## .. #.#
#.###...# ##.###.#
.. ##..## ..##.#
....####..####.##.#
..##........[......
>.. ####.......#.##
#.##..w.#.#### ...
##..@#....# ####
#...<..#
######$...). #.##.
.#


You could see a worm.

Vanquished Creatures
  A worm (D:3)
  A dart slug (D:1)
  3 leopard geckos
  6 bats
  3 giant cockroaches
  2 hobgoblins
  2 jackals (D:1)
  A ball python (D:3)
  2 frilled lizards
  8 goblins
  4 kobolds (D:2)
  5 rats
38 creatures vanquished.

Notes
Turn   | Place    | Note
-------+----------+-------------------------------------------
     0 | D:1      | Anon1729 the Spriggan Assassin began the quest for the Orb.
     0 | D:1      | Reached XP level 1. HP: 10/10 MP: 2/2
   241 | D:1      | Reached skill level 6 in Stealth
   304 | D:1      | Reached XP level 2. HP: 13/15 MP: 3/3
  1005 | D:2      | Reached XP level 3. HP: 7/18 MP: 4/4
  1188 | D:2      | Found a bloodstained altar of Trog.
  2133 | D:3      | Slain by a worm

Skill      XL: |  1  2  3 |
---------------+----------+-----
Stealth        | 6 |  6.3
Dodging        | 2 |  2.7
Fighting       | 2 |  2.0
Short Blades   | |  2.7
Throwing       | |  2.4

Action                   || total
-------------------------++-------
Melee: Dagger            ||   176
 Stab: Sleeping          ||     6
Armor: Robe              ||    42
Dodge: Dodged            ||   159
